 Dungeon Crawl Stone Soup version 0.31-a0-364-gb59cdcccf2 (webtiles) character file.

Game seed: 8550358564675967852

506 floatRand the Ruffian (level 6, -1/47 HPs)
             Began as a Draconian Shapeshifter on July 28, 2023.
             Slain by a gnoll
             ... wielding a +2 vampiric halberd
             ... led by a gnoll bouda
              (13 damage)
             ... on level 4 of the Dungeon.
             The game lasted 00:03:09 (3516 turns).

floatRand the Ruffian (Draconian Shapeshifter)      Turns: 3516, Time: 00:03:10

Health: -1/47      AC:  6    Str: 19    XL:     6   Next: 97%
Magic:  6/6        EV:  6    Int:  9    God:
Gold:   253        SH:  0    Dex: 11    Spells: 5/5 levels left

rFire   . .          .
                       - Unarmed
rCold   . . .        (no shield)
rNeg    . . .        (body armour unavailable)
rPois   .            (helmet currently unavailable)
rElec   .            (cloak currently unavailable)
rCorr   .            (gloves currently unavailable)
SInv    .            (boots currently unavailable)
Will    .....        (no amulet)
Stlth   +            (no ring)
HPRegen 0.27/turn    (no ring)
MPRegen 0.10/turn

%: no passive effects
@: beast-form, held
A: beast (slay +3), AC +6, unfitting armour, cold-blooded
a: Begin Untransformation


You were on level 4 of the Dungeon.
You were a hulking beast.
You visited 1 branch of the dungeon, and saw 4 of its levels.

You collected 253 gold pieces.

Inventory:

Armour
 l - a +1 hat
Talismans
 b - a beast talisman
 d - a maw talisman
Wands
 t - a wand of flame (15)
Scrolls
 a - 2 scrolls of enchant weapon {unknown}
 c - 4 scrolls of identify {unknown}
 e - 2 scrolls of poison {unknown}
 f - a scroll of noise {unknown}
 j - a scroll of amnesia {unknown}
 n - 5 scrolls of teleportation {unknown}
 o - a scroll of brand weapon {unknown}
 p - a scroll of fog {unknown}
 r - a scroll of blinking {unknown}
 v - a scroll of vulnerability {unknown}
Potions
 g - 2 potions of mutation {unknown}
 h - 2 potions of curing {unknown}
 i - a potion of enlightenment {unknown}
 k - a potion of degeneration {unknown}
 m - a potion of might {unknown}
 q - a potion of haste {unknown}
 s - a potion of heal wounds {unknown}
 u - a potion of attraction {unknown}


   Skills:
 - Level 1.1 Fighting
 - Level 1.7 Dodging
 * Level 6.7 Unarmed Combat
 + Level 4.6 Shapeshifting


You had 5 spell levels left.
You didn't know any spells.
Your spell library contained the following spells:

 Spells                   Type           Power      Damage    Failure   Level
 Ozocubu's Armour         Ice            0%         N/A       77%         3
 Metabolic Englaciation   Hex/Ice        0%         N/A       100%        5
 Simulacrum               Ice/Necr       0%         N/A       100%        6


Dungeon Overview and Level Annotations

Branches:
Dungeon (4/15)
 Temple: D:4-7

Altars:
Kikubaaqudgha
Ru

Shops:
D:4 ?

Annotations:
D:3 3 runed translucent doors, Chingon's ghost, amateur MiFi


Innate Abilities, Weirdness & Mutations

You are a hulking beast.
Your limbs bulge with bestial killing power. (Slay +3)
Your plain brown scales are hard. (AC +6)
You cannot fit into any form of body armour.
You are cold-blooded and may be slowed by cold attacks.


Message History

You punch the gnoll bouda!
The gnoll bouda is almost dead.
The gnoll hits you but does no damage.
You hit the gnoll bouda but do no damage.
Your tail-slap misses the gnoll bouda.
The gnoll bouda is almost dead.
The gnoll bouda hits you with a +0 club.
Unknown command.
You punch the gnoll bouda!
You kill the gnoll bouda!
The gnoll hits you from afar with a +0 spear.
Unknown command.
The gnoll barely misses you. The gnoll hits you with a +0 spear.
Items here: )) [ †.
Unknown command.
You barely miss the gnoll. The gnoll closely misses you.
The gnoll hits you with a +0 spear.
Unknown command.
You punch the gnoll!
The gnoll is heavily wounded.
The gnoll is no longer moving quickly.
The gnoll barely misses you. The gnoll closely misses you.
Unknown command.
Unknown command.
You punch the gnoll!
You kill the gnoll!
The gnoll is no longer moving quickly.
The gnoll throws a throwing net.
The throwing net hits you.
You become entangled in the net!
The gnoll hits you from afar with a +2 vampiric halberd!
Unknown command.
You tear a large gash into the net.
The gnoll hits you from afar with a +2 vampiric halberd!
* * * LOW HITPOINT WARNING * * *
Unknown command.
Unknown command.
You struggle against the net.
Your attacks no longer feel as feeble.
The gnoll barely misses you.
The gnoll hits you from afar with a +2 vampiric halberd!
You die...

.....#
#######.##.........
.##..#
...........####.###
.....#
#............#
.....##
######.##.#########
......#
##.....<##.#
.....##
#.....<....#
#....## #
.#.###....# .#....#
#.?.##.###.##.#
.#.##.#
......ggh.....#
.#.# )#
.###########..#
##.# .# [.. #..#
#.# .# #### #..#
#.# .. .. #..# #.#
.# ## # .# #o #o


You could see 2 gnolls.

Vanquished Creatures
  Grinder (D:3)
  A gnoll bouda (D:4)
  Ijyb (D:3)
  Terence (D:2)
  6 adders
  11 gnolls
  A dart slug (D:2)
  7 ball pythons
  2 bat zombies (D:3)
  6 endoplasms
  2 giant cockroaches
  5 goblins
  9 hobgoblins
  14 jackals
  3 quokkas
  3 bats
  2 frilled lizards
  5 kobolds
  2 rats (D:3)
  A rat zombie (D:3)
83 creatures vanquished.

Notes
Turn   | Place    | Note
-------+----------+-------------------------------------------
     0 | D:1      | floatRand the Draconian Shapeshifter began the quest for
                  | the Orb.
     0 | D:1      | Reached XP level 1. HP: 16/16 MP: 1/1
   172 | D:1      | Reached XP level 2. HP: 16/23 MP: 2/2
   750 | D:2      | Noticed Terence
   765 | D:2      | Killed Terence
   766 | D:2      | Reached skill level 4 in Unarmed Combat
   766 | D:2      | Reached XP level 3. HP: 13/28 MP: 3/3
  1055 | D:2      | Found a faded altar of an unknown god.
  1183 | D:2      | Reached XP level 4. HP: 34/35 MP: 4/4
  1986 | D:3      | Noticed Grinder
  1996 | D:3      | Killed Grinder
  1997 | D:3      | Reached skill level 5 in Unarmed Combat
  1997 | D:3      | Reached XP level 5. HP: 40/40 MP: 5/5
  1997 | D:3      | Reached XP level 6. HP: 47/47 MP: 6/6
  2071 | D:3      | Found an ancient bone altar of Kikubaaqudgha.
  2258 | D:3      | Reached skill level 6 in Unarmed Combat
  2266 | D:3      | Found a sacrificial altar of Ru.
  2270 | D:3      | Identified the +0 rapier "Imp's Undoing" {freeze, rF- rC++
                  | Str+3}
  2383 | D:3      | Found a runed translucent gate.
  2384 | D:3      | Found a runed translucent gate.
  2385 | D:3      | Found a runed translucent gate.
  2387 | D:3      | Noticed Chingon's ghost (amateur MiFi)
  2973 | D:4      | Noticed Ijyb
  3062 | D:3      | Killed Ijyb
  3499 | D:4      | Found Tofoir's Magic Scroll Boutique.
  3516 | D:4      | Slain by a gnoll

Illustrated notes

Levels and vault maps discovered:
D:1:      eino_arrival_cavern_c, layout_basic
D:2:      layout_loops_corners, shapermc_ecumenical_altar_totnotflames,
          kennysheep_generic_room_7, uniq_terence
D:3:      layout_loops_corners, mainiacjoe_overflow_24_doors,
          lemuel_zombie_altar_kikubaaqudgha, biasface_ghost_orc_armoury,
          uniq_grinder
D:4:      layout_loops_ring, nzn_wu_jian_council_hall, serial_shops,
          nicolae_inconvenience_store, minmay_misc_feat_diagonals, uniq_ijyb

Skill      XL: |  1  2  3  4  5  6 |
---------------+-------------------+-----
Unarmed Combat | 4 5 6 |  6.7
Shapeshifting  | 4 |  4.6
Fighting       | |  1.1
Dodging        | |  1.7

Action                     |  1- 3 |  4- 6 || total
---------------------------+-------+-------++-------
  Melee: Unarmed           |    84 |   138 ||   222
         Tailslap          |     4 |    13 ||    17
         Punch             |     1 |     3 ||     4
    Use: Potion            |       |     1 ||     1
   Stab: Sleeping          |     1 |     1 ||     2
 Armour: Skin              |    28 |    44 ||    72
  Dodge: Dodged            |    66 |    70 ||   136

Table legend: (Time is in decaauts)
 A = Elapsed time spent in this place.
 B = Non-inter-level travel time spent in this place.
 C = Inter-level travel time spent in this place.
 D = Time resting spent in this place.
 E = Time spent auto-exploring this place.
 F = Levels seen in this place.
 G = Mean time per level.
                   A        B        C        D        E       F      G
               +--------+--------+--------+--------+--------+-----+--------+
         Total |   3498 |   3389 |    109 |    435 |   2231 |   4 |  874.5 |
       Dungeon |   3498 |   3389 |    109 |    435 |   2231 |   4 |  874.5 |
               +--------+--------+--------+--------+--------+-----+--------+

Top non-repeatable levels by time:
     D:3: 1218 daAuts
     D:2: 1109 daAuts
     D:1: 824 daAuts
     D:4: 346 daAuts
